 Dungeon Crawl Stone Soup version 0.30-a0-778-g2ef04afb54 (console) character file.

Game seed: 13597476504548352774

32 rlgrobin the Chopper (level 3, 0/31 HPs)
             Began as a Meteoran Fighter on Feb 17, 2023.
             Slain by a gnoll
             ... wielding a +0 flail
              (3 damage)
             ... on level 3 of the Dungeon.
             The game lasted 00:00:47 (175 turns).

rlgrobin the Chopper (Meteoran Fighter)              Turns: 175, Time: 00:00:47

Health: 0/31       AC:  8    Str: 20    XL:     3   Next: 64%
Magic:  4/4        EV:  9    Int:  9    God:
Gold:   16         SH:  5    Dex: 13    Spells: 2/2 levels left

rFire   . . .      SeeInvis .    a - +0 war axe
rCold   . . .      Faith    .    c - +0 buckler
rNeg    . . .      Spirit   .    b - +0 scale mail
rPois   .          Reflect  .    e - +0 helmet
rElec   .          Harm     .    (no cloak)
rCorr   .          Rampage  .    (no gloves)
Will    .....                    (no boots) Stlth
                                 (no amulet)
HPRegen 0.25/turn                (no ring)
MPRegen 0.09/turn                (no ring)

@: glowing
A: sense surroundings 1, otherworldly, glowing, explore regen
a: no special abilities


You were on level 3 of the Dungeon.
You visited 1 branch of the dungeon, and saw 3 of its levels.

You collected 16 gold pieces.

Inventory:

Hand Weapons
 a - a +0 war axe (weapon)
Armour
 b - a +0 scale mail (worn)
 c - a +0 buckler (worn)
 e - a +0 helmet (worn)
Potions
 d - a potion of might
 f - a potion of mutation {unknown}


   Skills:
 - Level 3.2 Fighting
 + Level 4.4 Axes
 - Level 3.6 Armour
 - Level 3.6 Shields


You had 2 spell levels left.
You didn't know any spells.
Your spell library was empty.

Dungeon Overview and Level Annotations

Branches:
Dungeon (3/15) Zot: 1610

Altars:


Innate Abilities, Weirdness & Mutations

You passively map a small area around you.
You are easily found by Zot.
You glow in the dark.
You regain HP and MP as you explore.


Message History

A gnoll comes into view. It is wielding a +0 flail.
Things that are here:
a +0 club; an orc corpse The gnoll shouts!
You hear a shout!
You block the gnoll's attack.
You hit the gnoll.
The gnoll is moderately wounded.
You hit the gnoll but do no damage.
The gnoll is moderately wounded.
The gnoll hits you with a +0 spear.
You hit the gnoll but do no damage.
The gnoll is moderately wounded.
You block the gnoll's attack. The gnoll hits you but does no damage.
You block the gnoll's attack.
You slash the gnoll!
You kill the gnoll!
You hit the gnoll.
The gnoll hits you from afar with a +1 heavy spear.
The gnoll barely misses you.
You slash the gnoll!
The gnoll is almost dead.
The gnoll hits you from afar with a +1 heavy spear.
You are too injured to fight recklessly!
You are too injured to fight recklessly!
You are too injured to fight recklessly!
You barely miss the gnoll.
The gnoll is almost dead.
The gnoll hits you with a +0 flail!
* * * LOW HITPOINT WARNING * * *
The gnoll hits you from afar with a +1 heavy spear.
* * * LOW HITPOINT WARNING * * *
You hit the gnoll but do no damage.
The gnoll is almost dead.
You block the gnoll's attack.
A worm comes into view.
The gnoll closely misses you. x2
You hit the gnoll but do no damage.
The gnoll is almost dead.
The gnoll hits you with a +0 flail.
You die...

* * * ** , , ,
## ,, #. *
##.######## ,
.####...<.....#
,
.......g......#
,
.....g.@).....#
w....####.#####*
* , ...., #.# ,
,.## * #.. ,
#..# , , , ,
..)# ** .... * *
, ...., * ** , ,
,


You could see a worm and 2 gnolls.

Vanquished Creatures
  A gnoll (D:3)
  An orc (D:3)
  A ball python (D:2)
  4 endoplasms
  A goblin (D:2)
  A hobgoblin (D:2)
  3 jackals (D:1)
  A kobold (D:1)
  A quokka (D:1)
  4 bats
18 creatures vanquished.

Vanquished Creatures (others)
  4 plants (D:1)
4 creatures vanquished.

Grand Total: 22 creatures vanquished

Notes
Turn   | Place    | Note
-------+----------+-------------------------------------------
     0 | D:1      | rlgrobin the Meteoran Fighter began the quest for the Orb.
     0 | D:1      | Reached XP level 1. HP: 19/19 MP: 2/2
    26 | D:1      | Reached skill level 3 in Axes
    26 | D:1      | Reached XP level 2. HP: 26/26 MP: 3/3
    99 | D:2      | Reached XP level 3. HP: 31/31 MP: 4/4
   162 | D:3      | Reached skill level 4 in Axes
   175 | D:3      | Slain by a gnoll

Illustrated notes

Levels and vault maps discovered:
D:1:      eino_arrival_tree_alley, layout_basic, nrook_mini_backslash,
          minivault_25, chequers_serial_rivers_micro_c
D:2:      layout_rooms, serial_aquarium, aquarium_bridge_island_large
          [aquarium_subvault_large_open, aquarium_subvault_balcony,
          aquarium_subvault_bridge, aquarium_subvault_wall,
          aquarium_subvault_bridge], aquarium_bridge_long_separate
          [aquarium_subvault_window, aquarium_subvault_balcony,
          aquarium_subvault_bridge, aquarium_subvault_balcony,
          aquarium_subvault_bridge, aquarium_subvault_wall], aquarium_window_2,
          aquarium_window_corridor_3, aquarium_view_2e
D:3:      layout_rooms, hellmonk_ghost_happy_afterlife

Skill      XL: |  1  2  3 |
---------------+----------+-----
Axes           | 3 4 |  4.4
Fighting       | |  3.2
Armour         | |  3.6
Shields        | |  3.6

Action                     || total
---------------------------++-------
  Melee: War axe           ||    39
 Armour: Scale mail        ||    31
  Dodge: Dodged            ||    28
  Block: Buckler           ||    21

Table legend: (Time is in decaauts)
 A = Elapsed time spent in this place.
 B = Non-inter-level travel time spent in this place.
 C = Inter-level travel time spent in this place.
 D = Time resting spent in this place.
 E = Time spent auto-exploring this place.
 F = Levels seen in this place.
 G = Mean time per level.
                   A        B        C        D        E       F      G
               +--------+--------+--------+--------+--------+-----+--------+
         Total |    187 |    168 |     19 |      0 |      0 |   3 |   62.3 |
       Dungeon |    187 |    168 |     19 |      0 |      0 |   3 |   62.3 |
               +--------+--------+--------+--------+--------+-----+--------+

Top non-repeatable levels by time:
     D:1: 99 daAuts
     D:2: 65 daAuts
     D:3: 22 daAuts
